 Dungeon Sprint DCSS version 0.30-a0-390-g80c34de65d (webtiles) character file.

Game seed: 5436408752390795817

3748 Conn the Scorcher (level 10, -3/61 HPs)
             Began as an Octopode Fire Elementalist on Dec 4, 2022.
             Was a Priest of Sif Muna.
             Slain by a demonic crawler (11 damage)
             ... in the Dungeon (Sprint I: "Red Sonja").
             The game lasted 00:12:23 (1160 turns).

Conn the Scorcher (Octopode Fire Elementalist)      Turns: 1160, Time: 00:12:23

Health: -3/61      AC:  5    Str:  8    XL:     10   Next: 15%
Magic:  12/27      EV: 15    Int: 22    God:    Sif Muna [***...]
Gold:   398        SH:  0    Dex: 12    Spells: 22/35 levels left

rFire   . . .      SeeInvis .    f - +0 short sword (venom)
rCold   . . .      Faith    .    (no shield)
rNeg    . . .      Spirit   .    (helmet restricted)
rPois   .          Reflect  .    (no amulet)
rElec   .          Harm     .    j - +4 ring of protection
rCorr   .          Rampage  .    (no ring)
Will    .....      NoTele   +    (no ring)
Stlth   ++++......               (no ring)
HPRegen 0.30/turn                (no ring)
MPRegen 0.20/turn                (no ring)
                                 (no ring)
                                 (no ring)

@: no status effects
A: almost no armour, amphibious, 8 rings, camouflage 1, gelatinous body 1,
(nimble swimmer 1), tentacles
a: Renounce Religion, Channel Magic, Forget Spell


You were in the Dungeon.
You worshipped Sif Muna.
Sif Muna was most pleased with you.
You visited 1 branch You collected 874 gold pieces.
You spent 476 gold pieces at shops.

Inventory:

Hand Weapons
 f - a +0 short sword of venom (weapon)
Missiles
 h - 4 curare-tipped darts
Magical Staves
 c - a staff of earth
Jewellery
 j - a +4 ring of protection (left tentacle)
Wands
 d - a wand of polymorph (8)
 e - a wand of paralysis (1)
Scrolls
 g - a scroll of identify
 i - a scroll of enchant armour
Potions
 a - 2 potions of magic
 b - 3 potions of curing


   Skills:
 + Level 2.6 Fighting
 + Level 6.3 Dodging
 + Level 7.1 Stealth
 + Level 13.0 Spellcasting
 + Level 4.6 Conjurations
 + Level 4.4 Hexes
 + Level 1.3 Translocations
 + Level 15.4 Fire Magic
 + Level 0.7 Air Magic


You had 22 spell levels left.
You knew the following spells:

 Your Spells              Type           Power      Damage    Failure   Level
a - Foxfire               Conj/Fire      100%       2x1d9     1%          1
b - Kindle Blastsparks    Fire/Tloc/Air  80%        2d16      1%          3
c - Inner Flame           Hex/Fire       55%        N/A       1%          3
d - Flame Wave            Conj/Fire      55%        2d13      1%          4
e - Scorch                Fire           100%       2d10      0%          2

Your spell library contained the following spells:

 Spells                   Type           Power      Damage    Failure   Level


Dungeon Overview and Level Annotations

Branches:
Dungeon (1/1)

Altars:
Cheibriados
Dithmenos
Elyvilon
Fedhas
Gozag
Hepliaklqana
Kikubaaqudgha
Makhleb
Nemelex Xobeh
Okawaru
Qazlal
Ru
Sif Muna
Trog
Uskayaw
Vehumet
Wu Jian
Xom
Yredelemnul
Zin
The Shining One
Jiyva
Lugonu

Shops:
D *[[


Innate Abilities, Weirdness & Mutations

You cannot wear most types of armour.
You are amphibious.
You can wear up to eight rings at the same time.
Your skin changes colour to match your surroundings (Stealth+).
Your rubbery body absorbs attacks. (AC +1, EV +1)
((You are camouflaged when in or above water. (Stealth+)))
You have tentacles for arms and can constrict up to eight enemies at once.


Message History

Unknown command.
A wave of flame ripples out!
The flame wave engulfs the demonic crawler.
Flame seeps out of the demonic crawler.
The demonic crawler is severely wounded.
You finish channelling waves of flame.
You are engulfed in a cloud of scalding steam.
The demonic crawler is no longer more vulnerable to fire.
The demonic crawler hits you.
The demonic crawler hits you but does no damage. x2
The demonic crawler hits you!
The demonic crawler hits you but does no damage.
The demonic crawler hits you!
* * * LOW HITPOINT WARNING * * *
There is an open door here.
Okay, then.
Unknown command.
Unknown command.
Press: ? - help, v - describe, . - travel
Here: a demonic crawler (purple smoke, severely wounded, inner flame) Some shallow water.
Unknown command.
Unknown command.
Unknown command.
Okay, then.
Okay, then.
Okay, then.
Casting: Flame Wave (dangerous; 1% risk of failure)
Confirm with . or Enter, or press ? or * to list all spells.
Casting: Flame Wave (dangerous; 1% risk of failure)
Press: ? - help, Dir - look around, f - activate A wave of flame ripples out!
The flame wave engulfs the demonic crawler!
The demonic crawler resists.
Flame seeps out of the demonic crawler.
The demonic crawler is almost dead. (Press . to intensify the flame waves.)
The demonic crawler barely misses you. The demonic crawler hits you!
* * * LOW HITPOINT WARNING * * *
The demonic crawler hits you!
You die...

##########################
#<.#[.'..#..'..#__#.s'...#
#.)'..#..)..#..+.s'..#...#
#..#####'#####'#_s####...sss#
#..####..#...#)####.§#####s.+
#).#__####..##§#§§§§§# ##
#..#_____##'#_§@s§§..+
#⌠⌠#_.∩...'..._#§§§..#
####_..__##_.#'##+####
#_____###§#[#)(..###
############.####'###.##
#∩.......['...'.....'.∩#
###++++####...##########
###.### #.#'#.#


You could see a demonic crawler (inner flame).

Vanquished Creatures
  2 centaur warriors (D)
  Sonja (D)
  A deep troll (D)
  A gargoyle (D)
  2 kobold demonologists (D)
  A slime creature (D)
  Sigmund (D)
  A yak (D)
  A floating eye (D)
  An ogre (D)
  A jelly (D)
  Ijyb (D)
  2 ballistomycete spores (D)
16 creatures vanquished.

Vanquished Creatures (others)
  26 foxfires (D)
26 creatures vanquished.

Grand Total: 42 creatures vanquished

Notes
Turn   | Place    | Note
-------+----------+-------------------------------------------
     0 | D        | Conn the Octopode Fire Elementalist began the quest for the
                  | Orb.
     0 | D        | Reached XP level 1. HP: 11/11 MP: 3/3
     1 | D        | Noticed Ijyb
    12 | D        | Killed Ijyb
    13 | D        | Reached skill level 5 in Fire Magic
    13 | D        | Reached XP level 2. HP: 11/17 MP: 0/6
    13 | D        | Reached XP level 3. HP: 14/21 MP: 0/7
    21 | D        | Learned a level 2 spell: Scorch
    25 | D        | Learned a level 3 spell: Kindle Blastsparks
    78 | D        | Noticed an ogre
    90 | D        | Killed an ogre
    91 | D        | Reached skill level 7 in Fire Magic
    91 | D        | Reached XP level 4. HP: 27/27 MP: 0/10
   130 | D        | Noticed Sigmund
   135 | D        | Killed Sigmund
   136 | D        | Reached skill level 5 in Stealth
   136 | D        | Reached skill level 5 in Spellcasting
   136 | D        | Reached skill level 9 in Fire Magic
   136 | D        | Reached XP level 5. HP: 31/31 MP: 0/13
   136 | D        | Reached XP level 6. HP: 36/36 MP: 0/14
   241 | D        | Found an ornate altar of the Wu Jian Council.
   241 | D        | Found a shimmering blue altar of Sif Muna.
   243 | D        | Found a radiant altar of Vehumet.
   253 | D        | Became a worshipper of Sif Muna the Loreminder
   282 | D        | Learned a level 3 spell: Inner Flame
   287 | D        | Learned a level 4 spell: Flame Wave
   287 | D        | Found Kekyni's Antique Armour Emporium.
   287 | D        | Found an ancient bone altar of Kikubaaqudgha.
   287 | D        | Found a hazy altar of Hepliaklqana.
   287 | D        | Found a stormy altar of Qazlal.
   287 | D        | Found a hide-covered altar of Uskayaw.
   287 | D        | Found a blossoming altar of Fedhas.
   287 | D        | Found a bloodstained altar of Trog.
   287 | D        | Found an iron altar of Okawaru.
   287 | D        | Found a basalt altar of Yredelemnul.
   287 | D        | Found a glowing golden altar of the Shining One.
   287 | D        | Found a snail-covered altar of Cheibriados.
   287 | D        | Found a sacrificial altar of Ru.
   287 | D        | Found a glowing silver altar of Zin.
   287 | D        | Found a shadowy altar of Dithmenos.
   287 | D        | Found a white marble altar of Elyvilon.
   287 | D        | Noticed a yak
   292 | D        | Killed a yak
   293 | D        | Reached skill level 5 in Dodging
   293 | D        | Reached skill level 10 in Fire Magic
   293 | D        | Reached XP level 7. HP: 34/42 MP: 5/17
   293 | D        | Found an opulent altar of Gozag.
   294 | D        | Found a sparkling altar of Nemelex Xobeh.
   377 | D        | Found a burning altar of Makhleb.
   377 | D        | Found a viscous altar of Jiyva.
   377 | D        | Found a shimmering altar of Xom.
   377 | D        | Found a corrupted altar of Lugonu.
   377 | D        | Noticed a slime creature
   387 | D        | Killed a slime creature
   388 | D        | Reached skill level 1 in Fighting
   388 | D        | Reached skill level 11 in Fire Magic
   463 | D        | Noticed a kobold demonologist
   466 | D        | Noticed a kobold demonologist
   470 | D        | Killed a kobold demonologist
   470 | D        | Reached * piety under Sif Muna
   470 | D        | Noticed a soul eater
   471 | D        | Reached skill level 1 in Hexes
   471 | D        | Reached skill level 12 in Fire Magic
   471 | D        | Reached XP level 8. HP: 48/48 MP: 6/20
   477 | D        | Noticed an orange demon
   634 | D        | Killed a kobold demonologist
   638 | D        | Noticed a centaur warrior
   641 | D        | Noticed a centaur warrior
   644 | D        | Killed a centaur warrior
   644 | D        | Reached ** piety under Sif Muna
   645 | D        | Reached skill level 10 in Spellcasting
   645 | D        | Reached skill level 13 in Fire Magic
   645 | D        | Reached XP level 9. HP: 54/54 MP: 6/23
   645 | D        | Killed a centaur warrior
   646 | D        | Reached skill level 14 in Fire Magic
   756 | D        | Noticed a demonic crawler
   756 | D        | Noticed a demonic crawler
   756 | D        | Noticed a demonic crawler
   756 | D        | Noticed a demonic crawler
   789 | D        | Noticed Sonja
   792 | D        | Killed Sonja
   899 | D        | Noticed a gargoyle
   908 | D        | Killed a gargoyle
   909 | D        | Reached skill level 15 in Fire Magic
   992 | D        | Noticed a deep troll
  1003 | D        | Found Jacets's Assorted Antiques.
  1005 | D        | Killed a deep troll
  1005 | D        | Reached *** piety under Sif Muna
  1006 | D        | Reached skill level 1 in Translocations
  1006 | D        | Reached XP level 10. HP: 42/61 MP: 10/27
  1011 | D        | Bought a curved smoking staff for 336 gold pieces
  1011 | D        | Bought a cabochon ring for 140 gold pieces
  1107 | D        | Found Kyrer's Armour Emporium.
  1160 | D        | Slain by a demonic crawler

Illustrated notes

Levels and vault maps discovered:
D:        dungeon_sprint_1 [red_sonja_temple_1, red_sonja_temple_small_1]

Skill      XL: |  1  2  3  4  5  6  7  8  9 |
---------------+----------------------------+-----
Stealth        | 3 4 5 6 7 |  7.1
Spellcasting   | 3 4 5 6 8 10 13 | 13.0
Fire Magic     | 5 7 9 10 12 13 15 | 15.4
Dodging        | 3 4 5 6 |  6.3
Conjurations   | 2 3 4 |  4.6
Fighting       | 1 2 |  2.6
Hexes          | 1 2 4 |  4.4
Translocations | 1 |  1.3
Air Magic      | |  0.7

Action                   |  1- 3 |  4- 6 |  7- 9 | 10-12 || total
-------------------------+-------+-------+-------+-------++-------
Melee: Unarmed           |     5 |       |       |       ||     5
       Constrict         |     1 |       |       |       ||     1
       Tentacles         |     1 |       |       |       ||     1
 Cast: Foxfire           |     4 |     3 |     8 |     2 ||    17
       Scorch            |     3 |     4 |    18 |     1 ||    26
       Flame Wave        |       |     1 |     3 |     2 ||     6
       Inner Flame       |       |       |     6 |     1 ||     7
       Kindle Blastspark |       |       |     4 |       ||     4
  Use: Potion            |     2 |       |     3 |       ||     5
       Scroll            |       |       |     2 |     1 ||     3
Armor: Skin              |       |       |     3 |     5 ||     8
Dodge: Dodged            |     1 |     2 |     6 |     1 ||    10

Table legend: (Time is in decaauts)
 A = Elapsed time spent in this place.
 B = Non-inter-level travel time spent in this place.
 C = Inter-level travel time spent in this place.
 D = Time resting spent in this place.
 E = Time spent auto-exploring this place.
 F = Levels seen in this place.
 G = Mean time per level.
                   A        B        C        D        E       F      G
               +--------+--------+--------+--------+--------+-----+--------+
         Total |   1145 |   1145 |      0 |    611 |      0 |   1 | 1145.0 |
       Dungeon |   1145 |   1145 |      0 |    611 |      0 |   1 | 1145.0 |
               +--------+--------+--------+--------+--------+-----+--------+

Top non-repeatable levels by time:
       D: 1145 daAuts
